 Dungeon Crawl Stone Soup version 0.29.0-5-ge4962eb29e (webtiles) character file.

Game seed: 16028616913713403003

982 unlimited1921 the Magician (level 8, -5/51 HPs)
             Began as a Djinni Fire Elementalist on Aug 29, 2022.
             Was an Initiate of Gozag.
             Shot with a sling bullet by Joseph (21 damage)
             ... on level 8 of the Dungeon.
             The game lasted 00:25:49 (7552 turns).

unlimited1921 the Magician (DjFE)                   Turns: 7552, Time: 00:25:49

Health: -5/51      AC:  9    Str:  7    XL:     8   Next: 40%
Gold:   370        EV: 11    Int: 22    God:    Gozag SH:  0 Dex: 13

rFire   + + .      SeeInvis +   C - +5 long sword "Fudupret" {protect, +Blink Int+2}
rCold   x . .      Faith    .   (no shield)
rNeg    + . .      Spirit   .   o - +0 leather armour
rPois   ∞          Reflect  .   y - +2 helmet
rElec   .          Harm     .   I - +2 cloak {Will+}
rCorr   .          Rampage  .   (no gloves)
Will    +....                   (boots unavailable)
Stlth   ++........              (no amulet)
HPRegen 0.17/turn               i - ring of see invisible
MPRegen 0.00/turn               v - ring of positive energy

@: flying, very slightly contaminated
A: sickness immunity, fire resistance 2, cold vulnerability 1, float, innate
caster, HP casting, extra vitality 1
a: Renounce Religion, Evoke Blink, Potion Petition, Call Merchant, Bribe Branch


You were on level 8 of the Dungeon.
You worshipped Gozag.
Gozag was aware of your devotion.
You visited 1 branch of the dungeon, and saw 6 of its levels.

You collected 413 gold pieces.
You paid 43 gold pieces to Gozag.

Inventory:

Hand Weapons
 g - a +0 short sword
 k - a +0 sling
 q - a +1 dagger of venom
 x - a +0 rapier
 A - a +0 great mace
 C - the +5 long sword "Fudupret" (weapon) {protect, +Blink Int+2}
   (You found it on level 4 of the Dungeon)

   It grants its wielder temporary protection when it strikes (+7 to AC).
   Int:       It affects your intelligence (+2).
   +Blink:    It lets you blink.
Missiles
 d - 5 poisoned darts (quivered)
 j - 33 stones
 E - a throwing net
Armour
 a - the +2 scale mail of Duty {Rampage +Blink Dex+4}
   (You found it on level 4 of the Dungeon)

   Dex:       It affects your dexterity (+4).
   +Blink:    It lets you blink.
   Rampage:   It bestows one free step when moving towards enemies.
 o - a +0 leather armour (worn)
 y - a +2 helmet (worn)
 D - a +0 ring mail
 H - a +2 kite shield
 I - a +2 cloak of willpower (worn)
Jewellery
 i - a ring of see invisible (left hand)
 v - a ring of positive energy (right hand)
Wands
 b - a wand of paralysis (14)
Scrolls
 c - a scroll of vulnerability
 f - 2 scrolls of immolation {unknown}
 h - 5 scrolls of butterflies {unknown}
 l - a scroll of summoning
 p - a scroll of torment {unknown}
 s - a scroll of blinking
 t - a scroll of fear
 z - a scroll of poison {unknown}
 B - a scroll of amnesia {unknown}
 F - a scroll of teleportation
 G - a scroll of enchant armour {unknown}
 J - a scroll of magic mapping {unknown}
Potions
 e - 2 potions of might {unknown}
 m - 2 potions of berserk rage {unknown}
 n - 2 potions of haste
 r - 2 potions of attraction
 u - a potion of invisibility {unknown}
 w - 2 potions of lignification {unknown}


   Skills:
 + Level 0.6 Fighting
 + Level 1.3 Short Blades
 + Level 3.7 Armour
 + Level 2.4 Dodging
 + Level 2.3 Stealth
 * Level 2.0 Shields
 * Level 5.8 Spellcasting
 + Level 1.8 Evocations


You couldn't memorise any spells.
You knew the following spells:

 Your Spells              Type           Power      Damage    Failure   Level
a - Foxfire               Conj/Fire      100%       2x1d9     1%          1
b - Scorch                Fire           64%        2d8       1%          2
c - Conjure Flame         Conj/Fire      32%        6-21      3%          3
d - Inner Flame           Hex/Fire       32%        N/A       3%          3
e - Flame Wave            Conj/Fire      32%        2d9       12%         4
f - Freeze                Ice            100%       1d11      1%          1
g - Static Discharge      Conj/Air       32%        3-7/arc   1%          2
h - Poisonous Vapours     Pois/Air       64%        N/A       1%          2
Your spell library was empty.

Dungeon Overview and Level Annotations

Branches:
Dungeon (5/15)
 Temple: D:4-7

Altars:
Ashenzari
Dithmenos
Gozag
Okawaru

Shops:
D:4 [:

Annotations:
D:3 1 runed translucent door, greasedhog's ghost, amateur GrFi
D:8 Joseph


Innate Abilities, Weirdness & Mutations

You are immune to sickness and miasma.
You are immune to poison.
Your flesh is very heat resistant. (rF++)
You are vulnerable to cold. (rC-)
You float through the air rather than walking.
You learn spells naturally, not from books.
Your magical power is your life essence.
You have superior vitality. (+4 MHP)


Message History

Joseph is moderately wounded.
Casting: Foxfire (safe; 1% risk of failure)
Confirm with . or Enter, or press ? or * to list all spells.
You conjure some foxfire!
The foxfire hits Joseph!
Joseph is moderately wounded.
The foxfire hits Joseph but does no damage.
Joseph is moderately wounded.
The foxfire hits Joseph.
Joseph is heavily wounded.
Joseph shoots a sling bullet.
The sling bullet barely misses you.
Casting: Foxfire (safe; 1% risk of failure)
Confirm with . or Enter, or press ? or * to list all spells.
You don't know that spell.
Unknown command.
Casting: Foxfire (safe; 1% risk of failure)
Confirm with . or Enter, or press ? or * to list all spells.
You miscast Foxfire.
You are very lightly contaminated with residual magic.
Nothing appears to happen.
The foxfire hits Joseph but does no damage.
Joseph is heavily wounded.
Joseph shoots a sling bullet.
The sling bullet hits you!
The foxfire hits Joseph.
Joseph is heavily wounded.
Casting: Foxfire (safe; 1% risk of failure)
Confirm with . or Enter, or press ? or * to list all spells.
You conjure some foxfire!
Casting: Foxfire (safe; 1% risk of failure)
Confirm with . or Enter, or press ? or * to list all spells.
Aiming: Poisonous Vapours (safe; 1% risk of failure)
Press: ? - help, Dir - move target, f - Joseph
Aim: Joseph, wielding a +0 sling and wearing a +0 ring mail (heavily wounded, fast, ally target) Poisonous vapours surround Joseph!
Joseph is poisoned.
The foxfire hits Joseph but does no damage.
Joseph is heavily wounded.
The foxfire hits Joseph.
Joseph is heavily wounded.
Joseph shoots a sling bullet.
The sling bullet hits you!!
You die...
Your body crumbles into a pile of gold.

#............#
#.....#......# #.....#....##
.. ##....'.....# ...
#...##.....##...
###....................
#.....@................
#.................#....
#....§@.........# #....
####..§.........# #....
###..##........# #....
#..............# #....
#......##.#....###....
#......#.............#
#....................#
###).................#
#########...............##.#


You could see Joseph (fast, very poisoned).

Vanquished Creatures
  Maurice (D:8)
  2 black bears
  A centaur (D:8)
  A kobold brigand (D:8)
  A scorpion (D:4)
  A killer bee (D:8)
  An iguana (D:4)
  4 gnolls (D:3)
  5 adders
  2 dart slugs
  2 worms
  An orc (D:3)
  6 ball pythons
  7 endoplasms
  3 giant cockroaches
  8 goblins
  4 hobgoblins
  3 jackals (D:2)
  7 kobolds
  4 quokkas
  7 bats
  4 frilled lizards
  4 rats (D:2)
79 creatures vanquished.

Vanquished Creatures (others)
  298 foxfires
  7 plants (D:1)
  14 withered plants (D:1)
319 creatures vanquished.

Grand Total: 398 creatures vanquished

Notes
Turn   | Place    | Note
-------+----------+-------------------------------------------
     0 | D:1      | unlimited1921 the Djinni Fire Elementalist began the quest
                  | for the Orb.
     0 | D:1      | unlimited1921 set off with the following spells memorised:
                  | Foxfire, Scorch, Conjure Flame, Inner Flame, Flame Wave.
     0 | D:1      | Reached XP level 1. HP: 15/15 MP: 0/0
   463 | D:1      | Reached XP level 2. HP: 18/21 MP: 0/0
   892 | D:1      | Found a faded altar of an unknown god.
  1529 | D:1      | Reached skill level 3 in Spellcasting
  1834 | D:1      | Reached XP level 3. HP: 23/25 MP: 0/0
  1834 | D:1      | Learned a level 1 spell: Freeze
  2946 | D:2      | Reached XP level 4. HP: 25/31 MP: 0/0
  4060 | D:3      | Reached skill level 1 in Short Blades
  4070 | D:3      | Reached skill level 1 in Armour
  4070 | D:3      | Reached XP level 5. HP: 22/35 MP: 0/0
  4070 | D:3      | Learned a level 2 spell: Static Discharge
  4301 | D:3      | Found an opulent altar of Gozag.
  4327 | D:3      | Became a worshipper of Gozag Ym Sagoz the Greedy
  4969 | D:3      | Found a shadowy altar of Dithmenos.
  5316 | D:3      | Noticed greasedhog's ghost (amateur GrFi)
  5317 | D:3      | Found a runed translucent door.
  5621 | D:4      | Identified the +5 long sword "Fudupret" {protect, +Blink
                  | Int+2}
  5628 | D:4      | Identified the +2 scale mail of Duty {Rampage +Blink Dex+4}
  5695 | D:4      | Found Uteorin's Armour Boutique.
  5977 | D:4      | Noticed a black bear
  5989 | D:4      | Killed a black bear
  5990 | D:4      | Reached skill level 4 in Spellcasting
  5990 | D:4      | Reached skill level 1 in Evocations
  5990 | D:4      | Reached XP level 6. HP: 7/40 MP: 0/0
  6319 | D:4      | Found Zeclib's Book Shoppe.
  6554 | D:4      | Found an iron altar of Okawaru.
  6823 | D:5      | Entered Level 5 of the Dungeon
  6838 | D:5      | Noticed a black bear
  6843 | D:5      | Killed a black bear
  6844 | D:5      | Reached XP level 7. HP: 39/45 MP: 0/0
  6844 | D:5      | Learned a level 2 spell: Poisonous Vapours
  6934 | D:5      | You are sucked into a shaft and drop 3 floors!
  6990 | D:8      | Reached skill level 1 in Shields
  7235 | D:8      | Noticed Maurice
  7246 | D:8      | Killed Maurice
  7247 | D:8      | Reached skill level 5 in Spellcasting
  7247 | D:8      | Reached XP level 8. HP: 41/51 MP: 0/0
  7420 | D:8      | Found a broken altar of Ashenzari.
  7537 | D:8      | Noticed Joseph
  7552 | D:8      | Shot with a sling bullet by Joseph

Illustrated notes

Levels and vault maps discovered:
D:1:      heliophobic_arrival_glass_houses, layout_loops_ring,
          shapermc_ecumenical_altar_flowoftime
D:2:      layout_rooms
D:3:      layout_basic, lemuel_blue_sif_altar, mainiacjoe_overflow_24_doors,
          grunt_dithmenos_smoke, hellmonk_ghost_happy_afterlife
D:4:      layout_basic, overflow_temple_1_default, serial_shops,
          nicolae_shop_crystal, shop, kennysheep_boxes
D:5:      layout_gridville, uniq_ijyb, uniq_sigmund, uniq_eustachio,
          uniq_duvessa
D:8:      layout_basic, mainiacjoe_overflow_small_starburst,
          ebering_ghost_disaster_area, uniq_maurice, uniq_joseph, uniq_amaemon

Skill      XL: |  1  2  3  4  5  6  7  8 |
---------------+-------------------------+-----
Spellcasting   | 3 4 5 |  5.8
Short Blades   | 1 |  1.3
Armour         | 1 2 3 |  3.7
Stealth        | 2 |  2.3
Evocations     | 1 |  1.8
Shields        | 1 2 |  2.0
Fighting       | |  0.6
Dodging        | |  2.4

Action                   |  1- 3 |  4- 6 |  7- 9 || total
-------------------------+-------+-------+-------++-------
Melee: Short sword       |    50 |       |       ||    50
       Dagger            |    10 |     2 |       ||    12
       Punch             |     3 |       |       ||     3
 Cast: Foxfire           |    76 |    93 |    22 ||   191
       Freeze            |     3 |       |       ||     3
       Inner Flame       |       |     4 |     3 ||     7
       Scorch            |       |     8 |     3 ||    11
       Poisonous Vapours |       |       |     3 ||     3
  Use: Scroll            |       |       |     6 ||     6
Armor: Robe              |     2 |       |       ||     2
       Leather armour    |     4 |     7 |       ||    11
Dodge: Dodged            |    16 |     7 |     1 ||    24
